Map: Lightshade LE

Players

Osiris - Winner!

  • Race: Terran Terran
  • League: Master

PwTelivolts

  • Race: Terran Terran
  • League: Master

VOD

Have the link to the VOD?

Description

Time

  • Played on: April 28, 2021, 1:57 p.m.
  • Length: 14:05
Show
View Real Time Build Order
Export as new Build Order

Osiris Terran - Winner!

Build Orders:  

Get SALT Encoding   

  12  0:00  SCV  
  13  0:12  SCV  
  14  0:17  Supply Depot  
  14  0:24  SCV  
  15  0:39  SCV, Barracks  
  16  0:43  Refinery  
  16  0:51  SCV  
  16  0:53  Refinery  
  17  1:03  SCV  
  18  1:15  SCV  
  19  1:26  Reaper  
  19  1:27  Orbital Command  
  19  1:30  Supply Depot  
  20  1:45  Factory  
  20  1:54  SCV  
  20  1:58  Reaper  
  22  2:07  SCV  
  23  2:20  SCV  
  24  2:34  Hellion, Reaper  
  24  2:37  Starport  
  27  2:40  SCV  
  28  2:47  Command Center  
  28  2:52  Supply Depot  
  28  2:55  SCV  
  29  2:59  Factory Tech Lab  
  29  3:06  Barracks Tech Lab  
  29  3:08  SCV  
  30  3:20  SCV  
  30  3:26  Raven  
  33  3:36  SCV  
  33  3:40  Marine  
  35  3:45  Cyclone  
  35  3:47  Refinery  
  35  3:48  SCV  
  39  3:59  Orbital Command  
  39  4:00  SCV  
  39  4:18  SCV  
  39  4:19  Raven  
  39  4:20  Marine  
  43  4:27  SCV  
  44  4:33  Command Center  
  44  4:34  Siege Tank  
  47  4:41  Barracks Reactor, SCV  
  47  4:43  SCV  
  49  4:47  Refinery  
  49  4:48  Supply Depot  
  49  4:54  SCV  
  49  4:55  SCV  
  51  5:06  SCV  
  52  5:09  SCV  
  52  5:10  Siege Tank  
  52  5:12  Supply Depot  
  56  5:22  SCV  
  56  5:27  SCV  
  58  5:30  Stimpack, Viking x2  
  58  5:34  Marine, SCV  
  58  5:35  Supply Depot  
  64  5:47  SCV x2  
  64  5:48  Orbital Command  
  66  5:50  Siege Tank  
  69  5:59  Marine, SCV  
  69  6:00  Viking x2  
  75  6:09  SCV  
  76  6:15  SCV  
  77  6:20  SCV, Engineering Bay, Barracks  
  77  6:22  Engineering Bay, Barracks  
  77  6:24  Siege Tank  
  81  6:27  SCV  
  81  6:31  Viking  
  84  6:36  SCV x2  
  86  6:47  Marine  
  86  6:48  Viking  
  86  6:49  SCV  
  86  6:53  SCV  
  91  6:55  Terran Infantry Armor Level 1, Terran Infantry Weapons Level 1  
  91  6:57  Orbital Command  
  91  7:00  Barracks  
  91  7:02  Barracks  
  91  7:07  Refinery  
  91  7:09  Sensor Tower  
  91  7:13  Barracks Reactor  
  91  7:15  Barracks Reactor  
  91  7:16  Combat Shield  
  91  7:18  SCV  
  92  7:30  Refinery  
  92  7:31  SCV  
  93  7:48  Marine, SCV x2  
  93  8:02  Marine x3  
  93  8:06  Marine  
  93  8:07  Marine  
  93  8:08  Liberator  
  93  8:09  Siege Tank, Liberator  
  91  8:15  SCV x2  
  81  8:20  Marine x2  
  81  8:23  SCV  
  80  8:27  SCV  
  80  8:29  Barracks Reactor  
  80  8:33  Armory, SCV  
  80  8:35  SCV  
  80  8:38  Factory  
  80  8:39  Command Center  
  81  8:42  SCV  
  81  8:43  Marine  
  81  8:44  Marine x4  
  81  8:45  SCV  
  81  8:46  Barracks Reactor  
  81  8:48  Siege Tank, SCV  
  92  8:54  SCV  
  93  9:08  Supply Depot x2  
  93  9:09  Supply Depot  
  93  9:16  Barracks  
  93  9:17  Barracks  
  93  9:18  Barracks  
  93  9:22  Factory Tech Lab  
  93  9:29  Marine x9  
  93  9:30  Siege Tank, Supply Depot, Viking x2  
  93  9:31  Supply Depot  
  109  9:45  SCV  
  110  9:46  Siege Tank  
  110  9:47  Marine x3, Terran Vehicle Weapons Level 1  
  110  9:48  Terran Infantry Weapons Level 2  
  110  9:49  Terran Infantry Armor Level 2  
  116  9:53  SCV  
  117  10:04  Marine x3, Barracks Reactor  
  117  10:05  Barracks Reactor  
  117  10:06  Viking x2  
  124  10:07  Marine x2  
  124  10:08  Marine, Barracks Reactor  
  124  10:11  Siege Tank  
  124  10:13  SCV  
  125  10:16  Marine x3  
  128  10:22  Marine  
  128  10:23  Marine x2  
  128  10:27  Marine x2  
  128  10:28  Marine  
  134  10:30  Siege Tank  
  134  10:33  Marine  
  134  10:34  Planetary Fortress  
  138  10:38  Marine x2  
  138  10:40  Marine, Viking x2  
  145  10:46  Sensor Tower  
  145  10:49  Marine x5  
  150  11:07  Starport  
  150  11:11  Marine x4, Starport  
  150  11:12  Marine x2  
  156  11:40  Marine x8, Supply Depot  
  156  11:41  Siege Tank, Marine x6  
  156  11:42  Siege Tank, Supply Depot  
  156  11:44  Marine, Supply Depot  
  153  11:51  Viking x2  
  157  11:58  Marine x3  
  157  11:59  Marine x4  
  164  12:01  Marine  
  164  12:07  Marine x4  
  169  12:09  Starport Reactor x2  
  169  12:13  Marine x3  
  172  12:19  Marine x3  
  172  12:20  SCV  
  172  12:21  SCV  
  177  12:24  Marine x3  
  180  12:38  Marine  
  180  12:43  Medivac x2  
  180  12:44  Siege Tank  
  188  12:52  Supply Depot  
  188  12:53  Supply Depot  
  188  13:04  Refinery x2  
  188  13:13  Marine, Liberator, Viking x2  
  188  13:15  Marine, Siege Tank  
  200  13:47  SCV  
Show
View Real Time Build Order
Export as new Build Order

PwTelivolts Terran 

Build Orders:  

Get SALT Encoding   

  12  0:00  SCV  
  13  0:12  SCV  
  14  0:17  Supply Depot  
  14  0:24  SCV  
  15  0:30  Refinery  
  15  0:39  SCV  
  16  0:45  Barracks  
  16  0:51  SCV  
  17  1:03  SCV  
  18  1:15  SCV  
  19  1:27  SCV  
  20  1:33  Reaper  
  21  1:40  Orbital Command  
  21  1:51  Command Center  
  21  2:02  Factory  
  21  2:08  Supply Depot  
  21  2:15  Marine  
  21  2:16  Refinery  
  21  2:19  SCV  
  23  2:34  Bunker  
  23  2:35  Marine  
  24  2:37  SCV  
  25  2:50  Starport  
  27  2:52  Widow Mine  
  27  2:53  Marine  
  27  2:54  SCV  
  29  3:06  Orbital Command  
  29  3:09  SCV  
  29  3:11  Marine  
  31  3:15  Factory Tech Lab  
  31  3:22  SCV  
  32  3:28  Starport Tech Lab  
  32  3:29  Marine  
  32  3:32  SCV  
  34  3:35  Siege Tank  
  34  3:36  SCV  
  38  3:44  SCV  
  38  3:47  Marine  
  40  3:48  Raven, SCV  
  43  3:56  Supply Depot, SCV  
  44  4:08  Marine  
  44  4:18  Siege Tank  
  44  4:19  SCV  
  44  4:20  SCV  
  44  4:22  Refinery  
  49  4:25  Command Center  
  49  4:28  Marine  
  50  4:31  SCV  
  50  4:32  SCV  
  50  4:37  Supply Depot  
  52  4:44  SCV  
  53  4:47  Marine  
  54  4:56  Refinery  
  54  4:58  Raven  
  54  4:59  SCV x2  
  58  5:08  Siege Tank  
  58  5:09  Marine, Supply Depot  
  62  5:20  SCV  
  62  5:30  Supply Depot  
  63  5:38  Barracks  
  63  5:39  Orbital Command  
  63  5:40  Barracks  
  63  5:43  Barracks  
  63  5:45  Barracks  
  63  5:47  Engineering Bay, Barracks  
  62  5:50  Engineering Bay  
  62  5:53  Siege Tank  
  62  5:54  SCV x2  
  67  5:57  Starport Reactor  
  67  5:59  Supply Depot  
  67  6:07  SCV x2  
  69  6:12  Stimpack, Marine  
  69  6:16  Terran Infantry Weapons Level 1  
  69  6:17  Terran Infantry Armor Level 1  
  70  6:19  SCV x2  
  70  6:20  SCV  
  73  6:26  Supply Depot  
  73  6:28  Barracks Reactor x2  
  72  6:33  Barracks Reactor  
  72  6:37  SCV x3  
  74  6:47  Missile Turret, Marine x2  
  74  6:49  Siege Tank, Missile Turret  
  74  6:50  Missile Turret  
  78  6:55  Medivac  
  78  6:56  Factory  
  78  6:58  SCV x3  
  83  7:04  Supply Depot  
  83  7:05  Marine  
  83  7:06  Marine x2  
  83  7:07  Missile Turret, Barracks Reactor x2  
  86  7:11  Missile Turret  
  86  7:13  Missile Turret  
  86  7:14  Marine  
  87  7:16  SCV  
  87  7:18  SCV  
  87  7:19  SCV  
  87  7:20  Marine  
  91  7:26  Siege Tank  
  91  7:27  Marine x2  
  94  7:44  Marine x3  
  97  7:52  Marine x3  
  92  8:01  Marine x2  
  70  8:11  Marine x2  
  70  8:12  Marine x5  
  54  8:19  Marine x2  
  51  8:23  SCV x3  
  47  8:29  Marine x2  
  47  8:30  Marine x3  
  47  8:31  Marine  
  54  8:39  Marine  
  54  8:40  Siege Tank  
  57  8:42  Factory Tech Lab  
  57  8:46  SCV  
  57  8:47  Orbital Command  
  58  8:56  SCV  
  58  9:00  SCV  
  60  9:02  Armory  
  60  9:05  Marine x2  
  60  9:06  Marine x2  
  60  9:07  Marine  
  60  9:08  SCV  
  66  9:12  Combat Shield  
  66  9:15  SCV x2  
  68  9:20  Marine  
  68  9:21  Marine x3  
  72  9:26  SCV  
  72  9:27  SCV  
  72  9:29  SCV  
  74  9:34  Marine  
  74  9:35  Marine x3  
  74  9:36  Siege Tank  
  81  9:44  Marine  
  79  9:45  Missile Turret  
  79  9:49  Marine  
  79  9:50  Marine x2  
  78  9:53  Marine x2  
  78  9:54  Marine  
  81  10:05  Marine x3  
  82  10:11  Marine x2  
  82  10:19  Terran Infantry Weapons Level 2, Terran Infantry Armor Level 2  
  85  10:24  SCV x3  
  85  10:29  Marine  
  85  10:30  Marine x5  
  85  10:34  Siege Tank  
  94  10:36  SCV  
  95  10:43  SCV x2  
  95  10:46  Marine x2  
  95  10:47  Marine  
  95  10:48  Marine x2  
  102  10:52  Marine x3, Factory  
  102  10:57  SCV x3  
  108  11:06  Medivac  
  109  11:19  Supply Depot x2, Terran Vehicle Weapons Level 1  
  109  11:21  Medivac  
  108  11:40  Siege Tank x2  
  108  11:45  SCV x3  
  97  11:49  Medivac, Marine x3  
  97  11:50  Marine x4  
  97  11:51  Medivac  
  97  11:53  Factory Tech Lab  
  107  11:57  SCV x2  
  107  11:58  Marine, SCV  
  107  11:59  Marine  
  112  12:07  Marine x3  
  114  12:09  SCV  
  114  12:10  SCV  
  114  12:11  Marine x4  
  114  12:12  Siege Tank  
  123  12:16  Marine  
  123  12:21  Marine  
  125  12:36  Marine  
  125  12:42  Supply Depot  
  125  12:45  Supply Depot  
  125  12:53  Refinery x2  
  125  12:57  Marine  
  125  12:58  Command Center  
  125  13:04  Marine x2, Siege Tank x2  
  133  13:07  Marine x5, Siege Tank  
  141  13:16  Supply Depot x3  
  141  13:26  Supply Depot  
  141  13:27  Supply Depot  
  141  13:30  Supply Depot  
  141  13:31  Supply Depot  
  141  13:34  Marine  
  141  13:35  Supply Depot  
  141  13:37  Marine, SCV x3  
Tags
 
Add a new tag
Caveats
  • Supply blocks, unpowered buildings, or Contaminate may cause inaccurate times.
  • Supply counts are checked every 10 seconds.